 Dungeon Crawl Stone Soup version 0.29.1-12-g30fa7ad0bf (webtiles) character file.

Game seed: 2721220577120210955

922 wormed the Chopper (level 8, -2/43 HPs)
             Began as a Vine Stalker Berserker on Dec 27, 2022.
             Was a Priest of Trog.
             Slain by a killer bee (5 damage)
             ... on level 4 of the Dungeon.
             The game lasted 00:05:17 (3126 turns).

wormed the Chopper (Vine Stalker Berserker)         Turns: 3126, Time: 00:05:17

Health: -2/43      AC: 10    Str: 22    XL:     8   Next: 10%
Magic:  0/9        EV:  7    Int:  7    God:    Trog [***...]
Gold:   297        SH:  0    Dex: 14    Spells: 7/7 levels left

rFire   . . .      SeeInvis .   t - +7 hand axe "Weum" {venom, rElec}
rCold   . . .      Faith    .   (no shield)
rNeg    + . .      Spirit   +   d - +0 plate armour
rPois   .          Reflect  .   (no helmet)
rElec   +          Harm     .   (no cloak)
rCorr   .          Rampage  .   (no gloves)
Will    +....                   (no boots)
Stlth   ..........              (no amulet)
HPRegen 0.94/turn               f - ring of positive energy
MPRegen 0.11/turn               (no ring)

@: lethally poisoned (-2 -> -4), flying
A: fangs 3, regeneration 1, magic shield, antimagic bite, no potion heal 2
a: Renounce Religion, Berserk, Trog's Hand


You were on level 4 of the Dungeon.
You worshipped Trog.
Trog was most pleased with you.
You visited 1 branch of the dungeon, and saw 5 of its levels.

You collected 297 gold pieces.

Inventory:

Hand Weapons
 t - the +7 hand axe "Weum" (weapon) {venom, rElec}
   (You found it on level 3 of the Dungeon)

   It poisons the flesh of those it strikes.
   rElec:     It insulates you from electricity.
Armour
 d - a +0 plate armour (worn)
Jewellery
 f - a ring of positive energy (left hand)
Wands
 m - a wand of flame (19) (quivered)
Scrolls
 a - a scroll of vulnerability {unknown}
 c - 2 scrolls of silence {unknown}
 g - a scroll of immolation {unknown}
 h - 2 scrolls of fear {unknown}
 l - a scroll of brand weapon {unknown}
 n - 3 scrolls of teleportation {unknown}
 q - a scroll of summoning {unknown}
 r - a scroll of blinking {unknown}
 s - 3 scrolls of identify {unknown}
Potions
 b - a potion of lignification {unknown}
 e - a potion of curing {unknown}
 i - 2 potions of flight
 j - a potion of cancellation {unknown}
 k - 2 potions of haste {unknown}
 o - a potion of heal wounds {unknown}


   Skills:
 + Level 5.1 Fighting
 * Level 6.8 Axes
 - Level 2.0 Armour
 - Level 2.0 Dodging
 - Level 2.0 Shields


You had 7 spell levels left.
You didn't know any spells.
Your spell library was empty.

Dungeon Overview and Level Annotations

Branches:
Dungeon (5/15)
 Temple: D:4-7

Altars:
Elyvilon
Hepliaklqana
Kikubaaqudgha
Trog
Wu Jian
Zin
The Shining One

Shops:
D:4 :


Innate Abilities, Weirdness & Mutations

You have razor-sharp teeth.
Your natural rate of healing is unusually fast.
When hurt, damage is shared between your health and your magic reserves.
Your bite disrupts and absorbs the magic of your enemies.
Potions cannot restore your health.


Message History

Found a mace, a grey potion and 15 gold pieces.
There is a stone staircase leading up here.
The killer bee stings you. x2; The killer bee closely misses you.
The killer bee stings you but does no damage.
The killer bee stings you.
You are poisoned.
The killer bee poisons you! The killer bee stings you.
You climb upwards.
You feel very sick.
There is a stone staircase leading down here.
You barely miss the killer bee. Your bite misses the killer bee.
You miss the killer bee. You slash the killer bee!
The killer bee is poisoned.
You feel sick. The killer bee closely misses you.
The killer bee stings you but does no damage.
The killer bee barely misses you.
The killer bee stings you but does no damage.
The killer bee stings you.
The killer bee stings you but does no damage.
You completely miss the killer bee. You miss the killer bee.
You closely miss the killer bee.
You feel sick.
You kill the killer bee!
Trog accepts your kill.
The killer bee stings you but does no damage.
The killer bee stings you!
The killer bee stings you but does no damage. x2
It was a potion of flight.
You feel very buoyant.
You fly up into the air.
You feel sick. The killer bee closely misses you.
The killer bee stings you but does no damage.
The killer bee closely misses you. The killer bee stings you.
You slash the killer bee! Your bite misses the killer bee.
The killer bee is heavily wounded.
You barely miss the killer bee.
You feel sick. The killer bee stings you!
* * * LOW HITPOINT WARNING * * *
The killer bee stings you but does no damage.
The killer bee stings you.
* * * LOW HITPOINT WARNING * * *
You are more poisoned.
The killer bee poisons you! The killer bee stings you.
You die...

#.# #.# #.#
##########################.#
#........................#.#
#........##.......######.#.#
#...(....##........# #:#.#####
#................y.# #......)##
..)...........)y@†.#######.......
.)........................####.##
.........#..........#####.# #.#
.........#..........#<..#.# #.#
.........#..........###.#.# #.#
.........#............#.#.# #.#
......#......#........#.#.# #.#
......#......##.......#.#.# #.#
......#......##.......#...# #.##


You could see 2 killer bees.

Vanquished Creatures
  A black bear (D:4)
  An ogre (D:4)
  A scorpion (D:4)
  2 necrophages (D:4)
  3 wights (D:4)
  A killer bee (D:4)
  2 centaur zombies (D:4)
  A bullfrog zombie (D:4)
  A hound (D:4)
  A jelly (D:4)
  A human zombie (D:4)
  2 orc priests (D:4)
  An orc wizard (D:4)
  A mummy (D:4)
  2 adders
  An ufetubus (D:5)
  2 adder zombies (D:4)
  2 worms
  A dart slug (D:1)
  4 orcs
  6 endoplasms
  4 goblins
  8 hobgoblins
  3 jackals (D:1)
  A quokka (D:1)
  4 ball pythons (D:4)
  4 bats
  3 frilled lizards (D:1)
  6 kobolds
  2 rats (D:1)
72 creatures vanquished.

Notes
Turn   | Place    | Note
-------+----------+-------------------------------------------
     0 | D:1      | wormed the Vine Stalker Berserker began the quest for the
                  | Orb.
     0 | D:1      | Reached XP level 1. HP: 11/11 MP: 2/2
   242 | D:1      | Reached XP level 2. HP: 16/16 MP: 3/3
   391 | D:1      | Reached skill level 3 in Axes
   883 | D:2      | Reached XP level 3. HP: 19/19 MP: 4/4
  1322 | D:2      | Reached ** piety under Trog
  1697 | D:3      | Found a faded altar of an unknown god.
  1950 | D:3      | Identified the +7 hand axe "Weum" {venom, rElec}
  2123 | D:4      | Reached skill level 1 in Shields
  2227 | D:4      | Noticed a black bear
  2233 | D:4      | Killed a black bear
  2234 | D:4      | Reached skill level 4 in Axes
  2234 | D:4      | Gained mutation: Your natural rate of healing is unusually
                  | fast. [Vine Stalker growth]
  2234 | D:4      | Reached XP level 4. HP: 24/24 MP: 5/5
  2234 | D:4      | Reached XP level 5. HP: 28/28 MP: 6/6
  2327 | D:4      | Reached XP level 6. HP: 30/33 MP: 7/7
  2422 | D:4      | Found a white marble altar of Elyvilon.
  2422 | D:4      | Found a bloodstained altar of Trog.
  2502 | D:4      | Found an ancient bone altar of Kikubaaqudgha.
  2511 | D:4      | Reached skill level 5 in Axes
  2537 | D:4      | Reached XP level 7. HP: 32/37 MP: 6/8
  2601 | D:4      | Reached skill level 6 in Axes
  2769 | D:4      | Reached *** piety under Trog
  2818 | D:4      | Found a glowing golden altar of the Shining One.
  2893 | D:4      | Found Pamiov's Book Boutique.
  2941 | D:4      | Found an ornate altar of the Wu Jian Council.
  2941 | D:4      | Found a hazy altar of Hepliaklqana.
  2943 | D:4      | Found a glowing silver altar of Zin.
  2963 | D:4      | Reached skill level 5 in Fighting
  2963 | D:4      | Gained mutation: You have razor-sharp teeth. [Vine Stalker
                  | growth]
  2963 | D:4      | Reached XP level 8. HP: 43/43 MP: 9/9
  3071 | D:5      | Entered Level 5 of the Dungeon
  3126 | D:4      | Slain by a killer bee

Illustrated notes

Levels and vault maps discovered:
D:1:      tarquinn_simple_flora_water_d, layout_basic
D:2:      layout_basic
D:3:      layout_rooms, ebering_ecumenical_altar_box, grunt_decor_mini_mirrors
D:4:      layout_basic, lemuel_mausoleum_altar_kikubaaqudgha,
          lemuel_coloured_pillars_altar, nicolae_overflow_hidden_temple,
          serial_shops, nicolae_shop_waterfront, kennysheep_orc_chapel
D:5:      layout_rooms, serial_undead, serial_undead_f, serial_undead_a,
          serial_undead_c, serial_undead_e

Skill      XL: |  1  2  3  4  5  6  7 |
---------------+----------------------+-----
Axes           | 3 4 5 6 |  6.8
Fighting       | 3 4 5 |  5.1
Dodging        | 2 |  2.0
Shields        | 1 2 |  2.0
Armour         | 2 |  2.0

Action                   |  1- 3 |  4- 6 |  7- 9 || total
-------------------------+-------+-------+-------++-------
Melee: Hand axe          |   102 |    55 |    60 ||   217
       Bite              |    22 |    14 |    17 ||    53
       Punch             |     1 |     1 |     1 ||     3
Evoke: Wand              |     6 |       |       ||     6
  Use: Potion            |       |       |     1 ||     1
Armor: Animal skin       |     2 |       |       ||     2
       Plate armour      |    64 |    34 |    44 ||   142
Dodge: Dodged            |    35 |     7 |    22 ||    64
